 Dungeon Crawl Stone Soup version 0.28.0-53-g5a82cb258f (webtiles) character file.

Game seed: 10862988035574630562

15 BenjiHD the Digger (level 2, -3/24 HPs)
             Began as a Troll Earth Elementalist on July 5, 2022.
             Was an Initiate of Hepliaklqana.
             Slain by Terence
             ... wielding a +0 falchion
              (9 damage)
             ... on level 1 of the Dungeon.
             The game lasted 00:15:54 (1303 turns).

BenjiHD the Digger (Troll Earth Elementalist)       Turns: 1303, Time: 00:15:55

Health: -3/24      AC:  4    Str: 15    XL:     2   Next: 34%
Magic:  2/2        EV:  9    Int: 11    God:    Hepliaklqana [......]
Gold:   74         SH:  0    Dex: 10    Spells: 2/3 levels left

rFire   . . .      SeeInvis .   f - +0 short sword
rCold   . . .      Faith    .   (no shield)
rNeg    . . .      Spirit   .   b - +0 robe
rPois   .          Reflect  .   (helmet restricted)
rElec   .          Harm     .   (no cloak)
rCorr   .          Rampage  .   (gloves unavailable)
Will    .....                   (boots unavailable)
Stlth   ++........              (no amulet)
HPRegen 0.88/turn               (no ring)
MPRegen 0.08/turn               (no ring)

@: no status effects
A: large, unfitting armour, claws 3, regeneration 1, shaggy fur 1, tough skin 1
a: Renounce Religion


You were on level 1 of the Dungeon.
You worshipped Hepliaklqana.
Hepliaklqana was noncommittal.
You visited 1 branch of the dungeon, and saw 2 of its levels.

You collected 74 gold pieces.

Inventory:

Hand Weapons
 e - a +0 club
 f - a +0 short sword (weapon)
 j - a +0 short sword
 l - a +0 hunting sling
Missiles
 c - 86 stones (quivered)
 d - 30 bolts
 g - 19 sling bullets
 h - 18 arrows
Armour
 b - a +0 robe (worn)
Scrolls
 a - a scroll of identify {unknown}
 i - a scroll of amnesia {unknown}
 m - a scroll of blinking {unknown}
Potions
 k - a potion of cancellation {unknown}


   Skills:
 - Level 1.5 Dodging
 + Level 1.5 Stealth
 + Level 0.5 Unarmed Combat
 - Level 1.2 Spellcasting
 + Level 0.7 Transmutations
 - Level 2.7 Earth Magic


You had 2 spell levels left.
You knew the following spells:

 Your Spells              Type           Power      Damage    Failure   Level
a - Sandblast             Erth           12%        2d6       11%         1

Your spell library contained the following spells:

 Spells                   Type           Power      Damage    Failure   Level
 Passwall                 Tmut/Erth      3%         N/A       24%         2
 Ensorcelled Hibernation  Hex/Ice        0%         N/A       43%         2
 Stone Arrow              Conj/Erth      6%         3d7       47%         3
 Spider Form              Tmut/Pois      1%         N/A       63%         3
 Swiftness                Air            0%         N/A       67%         3
 Petrify                  Tmut/Erth      4%         N/A       83%         4
 Anguish                  Hex/Necr       0%         N/A       97%         4


Dungeon Overview and Level Annotations

Branches:
Dungeon (2/15)

Altars:
Hepliaklqana

Shops:
D:1 (

Annotations:
D:1 Terence


Innate Abilities, Weirdness & Mutations

You are too large for most types of armour.
You have claws for hands.
Your natural rate of healing is unusually fast.
You are covered in fur. (AC +1)
You have tough skin. (AC +1)


Message History

Terence closely misses you.
You barely miss Terence.
Terence is moderately wounded.
Terence hits you with a +0 falchion.
You hit Terence.
Terence is moderately wounded.
Terence barely misses you.
You hit Terence but do no damage.
Terence is moderately wounded.
Terence barely misses you.
You closely miss Terence.
Terence is moderately wounded.
Terence closely misses you.
You hit Terence.
Terence is moderately wounded.
Terence hits you with a +0 falchion.
You closely miss Terence.
Terence is moderately wounded.
Terence hits you with a +0 falchion.
* * * LOW HITPOINT WARNING * * *
Terence barely misses you. Terence hits you with a +0 falchion.
You hit Terence but do no damage. Your claw misses Terence.
Terence is moderately wounded.
Terence hits you with a +0 falchion!
You hit Terence.
Terence is moderately wounded.
Terence hits you with a +0 falchion!
You hit Terence but do no damage.
Terence is moderately wounded.
Terence barely misses you.
You barely miss Terence.
Terence is moderately wounded.
Terence closely misses you.
You hit Terence.
Terence is heavily wounded.
Terence barely misses you. Terence hits you with a +0 falchion!
* * * LOW HITPOINT WARNING * * *
Terence hits you with a +0 falchion!
You die...

#.......##.........#.#.#########
#.......##.............#.#.#.#.#
#.......##.........####.........
####.######..........#..........
#.# #.........####.......#. #.#
#.........# #......#... #.#
#.........# ##...#..... #.#
#....@....# #..#...#.#. #.#
#.....@...# ##......... #.##
##.......####...#..#.<. #..#
##.....###.##......... ##.#
#####.....#....#.#.#. #.#
#..######......... #.# #.##
#.....#.... ##.### #.#
##.......#. #..>># ####.#
#......#... #....####....#
##.........


You could see Terence.

Vanquished Creatures
  A worm (D:2)
  A dart slug (D:1)
  An endoplasm (D:1)
  2 jackals (D:1)
  A kobold (D:1)
  2 ball pythons (D:1)
  A bat (D:2)
  A goblin (D:1)
10 creatures vanquished.

Notes
Turn   | Place    | Note
-------+----------+-------------------------------------------
     0 | D:1      | BenjiHD the Troll Earth Elementalist began the quest for
                  | the Orb.
     0 | D:1      | Reached XP level 1. HP: 16/16 MP: 1/1
   484 | D:1      | Reached XP level 2. HP: 18/24 MP: 2/2
   581 | D:1      | Found Xaew Sey's Antique Weapon Shop.
  1087 | D:2      | Found a hazy altar of Hepliaklqana.
  1105 | D:2      | Became a worshipper of Hepliaklqana the Forgotten
  1195 | D:2      | Noticed Terence
  1303 | D:1      | Slain by Terence

Illustrated notes

Levels and vault maps discovered:
D:1:      co_arrival_square_in_a_square_in_a_square, layout_rooms, serial_shops,
          nicolae_shop_statue_plus, minmay_close_crescents
D:2:      layout_basic, basic_altar, kennysheep_jessica_study, uniq_terence,
          uniq_crazy_yiuf_cottage, uniq_sigmund

Action                   || total
-------------------------++-------
Melee: Unarmed           ||    14
       Short sword       ||    49
Throw: Stone             ||     1
 Cast: Sandblast         ||     4
  Use: Scroll            ||     1
Armor: Robe              ||    13
Dodge: Dodged            ||    43
